Get step-by-step instructions on how to execute this build order below. Start the game timer, and the build order will tick by so you can play in parallel with StarCraft on a second screen or mobile device.

Game Time

  0:00

Last Step

  N/A

Next Step

Upcoming Step



Don't want to look back and forth between 2 screens? Try out our Overwolf App, the Spawning Tool Build Advisor to get an in-game overlay with this build!

Complete Build Order

  12  0:01  Drone  
  13  0:11  Drone  
  14  0:22  Extractor, Drone  
  14  0:28  Extractor  
  14  0:30  Extractor  
  14  0:31  Drone  
  16  0:38  Spawning Pool  
  15  0:43  Overlord  
  11  2:32  Spine Crawler  
  9  2:45  Spine Crawler